AoeStats
← Kasiopex

Arabia

506509733Analyzed
1v1 RM · 20d ago on Sep 13, 2026· 29m 9s· 2 players
Game mode
Random Map
Map size
Tiny (2 player)
Population
200
Speed
Normal
Resources
Standard
Victory
Conquest
Starting age
Dark Age
Ending age
Imperial Age
RankedLock teamsTeams togetherTeam positionsShared explorationLock speedFull tech treeHidden civsTurbo modeCheats
Victory
Defeat
🇲🇽 Khmer · Mexico
304
+13
🇫🇷 Franks · France
227
-13
tom.mallet
11:36 Loom
14:59 Feudal Age
16:52 Arson
17:22 Double-Bit Axe
19:37 Wheelbarrow
20:21 Gold Mining
22:07 Town Watch
22:27 Stone Mining
23:23 Town Watch
29:27 Castle Age
27:48 Fletching
Kasiopex
3:15 Loom
9:47 Feudal Age
11:49 Wheelbarrow
11:00 Town Watch
19:10 Fletching
22:13 Man-at-Arms
25:04 Horse Collar
25:13 Double-Bit Axe
29:38 Castle Age
27:43 Scale Mail Armor
28:04 Padded Archer Armor
Connection lost

Rejoining the realm…

Still unreachable

The connection could not be restored.

Session expired

The server has moved on; the page needs a fresh start.